[Event "*** Titled Tuesday Blitz"]
[Site "Chess.com"]
[Date "2020.10.20"]
[Round "1"]
[White "Mikhail_Golubev"]
[Black "tylityli"]
[Result "0-1"]
[WhiteElo "2519"]
[BlackElo "2221"]
[TimeControl "180+1"]
[EndTime "10:06:24 PDT"]
[Termination "tylityli won on time"]

1. e4 e5 2. Nf3 Nc6 3. Bb5 a6 4. Ba4 Nf6 5. O-O b5 6. Bb3 Be7 7. d3 d6 8. a3 O-O 9. Nc3 Be6 10. Bxe6 fxe6 11. Ne2 d5 12. Ng3 Bd6 13. Re1 Qd7 14.
d4 dxe4 15. Nxe4 Nxd4 16. c3 Nxf3+ 17. Qxf3 Nd5 18. Qg3 Nf4 19. Bd2 Rae8 20. Rad1 Qe7 21. Bc1 Rf5 22. h3 Ref8 23. Qg4 h6 24. Be3 Kh8 25.
Ng3 Rg5 26. Qh4 Rf7 27. Kh1 Kh7 28. Rf1 Ng6 0-1

[Event "*** Titled Tuesday Blitz"]
[Site "Chess.com"]
[Date "2020.10.20"]
[Round "1"]
[White "ftorodent"]
[Black "davigator"]
[Result "1-0"]
[WhiteElo "2683"]
[BlackElo "2338"]
[TimeControl "180+1"]
[EndTime "10:06:25 PDT"]
[Termination "ftorodent won by resignation"]

1. d4 Nf6 2. c4 e6 3. Nf3 Bb4+ 4. Bd2 a5 5. Nc3 O-O 6. e3 d5 7. Bd3 c6 8. O-O Nbd7 9. Qc2 h6 10. e4 Bxc3 11. bxc3 dxe4 12. Bxe4 Nxe4 13. Qxe4 c5 14. Qg4 Nf6 15. Qh4 b6 16. Be3 Bb7 17. Ne5 Rc8 18.
Rab1 Be4 19. Rb2 Qd6 20. Rd2 Rfd8 21. Bxh6 gxh6 22. Qxf6 Qf8 23. Re1 Bf5 24. Re3 Kh7 25. Rg3 Rc7 26. d5 Qh8 27. Qxh8+ Kxh8 28. d6 Rb7 29. d7 Bg6 30. Rxg6 Rbxd7 31. Rxd7 Rxd7 32. Rxh6+ Kg7 33. Nxd7 Kxh6 34. Nxb6 1-0

[Event "*** Titled Tuesday Blitz"]
[Site "Chess.com"]
[Date "2020.10.20"]
[Round "1"]
[White "AsaHoffmann"]
[Black "igorkovalenko"]
[Result "0-1"]
[WhiteElo "2401"]
[BlackElo "2809"]
[TimeControl "180+1"]
[EndTime "10:06:27 PDT"]
[Termination "igorkovalenko won by checkmate"]

1. d4 Nf6 2. Bg5 d5 3. Nd2 Nbd7 4. e3 e5 5. Ngf3 e4 6. Ne5 h6 7. Nxd7 hxg5 8. Nxf8 Kxf8 9. c4 c6 10. Qb3 g4 11. Be2 g6 12. O-O-O Kg7 13. Kb1 Qe7 14. Rc1 Be6 15. cxd5 cxd5 16. Qa4 Qd6 17. g3 a6 18. Nb3 Rae8 19. Nc5 Bc8 20. Qb3 Re7 21. Rc3 b5 22. a4 bxa4 23. Qxa4 Ra7 24. Qa3 a5 25. Bb5 Bf5 26.
Na4 Qb4 27. Bc6 Bd7 28. Bxd7 Nxd7 29. Nc5 Nb6 30. Qxb4 axb4 31. Rb3 Nc4 32. Kc2 Rb8 33. h3 gxh3 34. Rxh3 Ra1 35. Rh2 Re1 36. Na6 Rc8 37. Nc5 Rb8 38. Na6 Ra8 39. Nc5 Re2+ 40.
Kb1 Nd2+ 41. Kc2 Nf3+ 42. Kd1 Rd2+ 43. Kc1 Ra1# 0-1

[Event "*** Titled Tuesday Blitz"]
[Site "Chess.com"]
[Date "2020.10.20"]
[Round "1"]
[White "MarceloPlaya"]
[Black "Chernobay_Artem"]
[Result "1-0"]
[WhiteElo "2282"]
[BlackElo "2569"]
[TimeControl "180+1"]
[EndTime "10:06:28 PDT"]
[Termination "MarceloPlaya won on time"]

1. e4 e5 2. Nf3 Nc6 3. d4 exd4 4. Bc4 Nf6 5. Ng5 Ne5 6. Qxd4 Nxc4 7. Qxc4 d5 8. exd5 Qxd5 9. Qe2+ Be7 10. O-O Bg4 11.
f3 Bf5 12. Nc3 Qc6 13. Bf4 h6 14. Rfe1 O-O 15. Qxe7 hxg5 16. Bxg5 Rfe8 17. Qb4 Bxc2 18. Bxf6 Qxf6 19. Qxb7 Qd4+ 20. Kh1 Rab8 21. Rxe8+ Rxe8 22. Qxc7 Bd1 23. Qg3 Qd2 24. Rxd1 Qxb2 25. Ne4 f5 26. Ng5 1-0

[Event "*** Titled Tuesday Blitz"]
[Site "Chess.com"]
[Date "2020.10.20"]
[Round "1"]
[White "KarstenHansch"]
[Black "zurzan"]
[Result "1-0"]
[WhiteElo "2471"]
[BlackElo "2005"]
[TimeControl "180+1"]
[EndTime "10:06:28 PDT"]
[Termination "KarstenHansch won on time"]

1. e4 Nf6 2. e5 Nd5 3. d4 d6 4.
Nf3 g6 5. Bc4 Nb6 6. Bb3 Bg7 7.
O-O O-O 8. h3 dxe5 9. Nxe5 N8d7 10. Nf3 c5 11. c3 cxd4 12. cxd4 e5 13. Bg5 Qe8 14. Nc3 h6 15. Be3 e4 16. Nd2 Nf6 17.
Qc2 Bf5 18. g4 Bd7 19. Ndxe4 Nxe4 20. Qxe4 Qxe4 21. Nxe4 Bc6 22. Nc3 Rad8 23. Rfd1 Nd5 24. Rac1 Nxe3 25. fxe3 Bf3 26. Rd2 h5 27. gxh5 Bxh5 28.
Kf2 Rfe8 29. Nd5 Kf8 30. Rc7 Rb8 31. Nf4 Re7 32. Rxe7 Kxe7 33. Rc2 f5 34. Rc7+ Kf6 35. Rf7+ 1-0

[Event "*** Titled Tuesday Blitz"]
[Site "Chess.com"]
[Date "2020.10.20"]
[Round "1"]
[White "Mr_Sinigami"]
[Black "Yoshikrov"]
[Result "1-0"]
[WhiteElo "2503"]
[BlackElo "2118"]
[TimeControl "180+1"]
[EndTime "10:06:29 PDT"]
[Termination "Mr_Sinigami won by resignation"]

1. d4 Nf6 2. Nf3 d5 3. Bf4 c5 4. e3 Nc6 5. c3 Qb6 6. Qb3 c4 7.
Qc2 Bf5 8. Qc1 Qd8 9. Nbd2 b5 10. Nh4 Bd7 11. Be2 h6 12. Nhf3 Bf5 13. h3 e5 14.
Nxe5 Nxe5 15. Bxe5 Be7 16. O-O O-O 17. Bd1 a5 18.
Bc2 Bxc2 19. Qxc2 Nd7 20. Bg3 Qb6 21. e4 dxe4 22. Qxe4 Rfe8 23. Rfe1 Nf6 24. Qf3 Rac8 25. Be5 b4 26. Bxf6 Bxf6 27. Nxc4 Rxe1+ 28. Rxe1 Rxc4 29. Re8+ Kh7 30. Qd3+ g6 31. Qxc4 Kg7 32. Re1 bxc3 33. bxc3 h5 34. a4 Qb2 35. g3 Qd2 36. Re8 h4 37. g4 Qf4 38. Kg2 Qc1 39. Rc8 Qc2 40. Qd5 Qxa4 41. g5 1-0

[Event "*** Titled Tuesday Blitz"]
[Site "Chess.com"]
[Date "2020.10.20"]
[Round "1"]
[White "CrazyMartian"]
[Black "sjam6687"]
[Result "1/2-1/2"]
[WhiteElo "2314"]
[BlackElo "2636"]
[TimeControl "180+1"]
[EndTime "10:06:30 PDT"]
[Termination "Game drawn by repetition"]

1. d4 d5 2. Bf4 Nf6 3. e3 c5 4. c3 Nc6 5. Nd2 Bf5 6. Ngf3 e6 7. Be2 Qb6 8. Qb3 c4 9. Qxb6 axb6 10. a3 Be7 11.
Nh4 Bg6 12. Nxg6 hxg6 13. h3 b5 14. O-O Nh5 15. Bh2 f5 16. f3 Bg5 17. f4 Be7 18. g4 Nf6 19. Kg2 Ne4 20. Nxe4 fxe4 21. f5 Kf7 22.
fxe6+ Kxe6 23. Rae1 g5 24. Rf5 Bf6 25. Ref1 Ne7 26. R5f2 Ng6 27. Bg3 Nh4+ 28. Bxh4 Rxh4 29. Rh1 Rh7 30. Rff1 Rah8 31. Bd1 Be7 32. Be2 Rc8 33.
Rf5 Rch8 34. Rff1 Rb8 35. Rf5 Rbh8 36. Rff1 1/2-1/2

[Event "*** Titled Tuesday Blitz"]
[Site "Chess.com"]
[Date "2020.10.20"]
[Round "1"]
[White "Triumphmate"]
[Black "Sanan_Sjugirov"]
[Result "0-1"]
[WhiteElo "2442"]
[BlackElo "2903"]
[TimeControl "180+1"]
[EndTime "10:06:31 PDT"]
[Termination "Sanan_Sjugirov won by resignation"]

1. e4 c5 2. Nf3 d6 3. d4 cxd4 4. Nxd4 Nf6 5. Nc3 a6 6. f4 Qc7 7. Nf3 g6 8. Bd3 Bg7 9. O-O O-O 10. Kh1 Nbd7 11. Qe1 b5 12. a3 Bb7 13. Bd2 Qc5 14.
Qg3 Rac8 15. Rae1 e6 16. e5 dxe5 17. fxe5 Nh5 18. Qg5 Bxf3 19. Rxf3 Nxe5 20. Rh3 Nxd3 21. cxd3 Qxg5 22. Bxg5 Nf6 23. Rf3 Nd7 24. Ne4 Bxb2 25.
Ref1 f5 26. Nd2 Bxa3 27. h4 Rfe8 28. d4 Bd6 29. h5 e5 30. hxg6 hxg6 31. dxe5 Nxe5 32.
Rh3 Ng4 33. Nf3 Rc2 34. Bh4 Bc5 35. Bg3 b4 36. Rb1 b3 0-1

[Event "*** Titled Tuesday Blitz"]
[Site "Chess.com"]
[Date "2020.10.20"]
[Round "1"]
[White "dretch"]
[Black "margarita_2703"]
[Result "1-0"]
[WhiteElo "2816"]
[BlackElo "2406"]
[TimeControl "180+1"]
[EndTime "10:06:31 PDT"]
[Termination "dretch won by resignation"]

1. d4 d5 2. c4 c6 3. Nc3 Nf6 4. e3 e6 5. Bd3 Nbd7 6. e4 dxe4 7.
Nxe4 Nxe4 8. Bxe4 Nf6 9. Bc2 Bb4+ 10. Bd2 Bxd2+ 11. Qxd2 O-O 12. Nf3 b6 13. O-O Bb7 14. c5 Nd5 15. Ng5 h6 16. Ne4 Ba6 17. Rfe1 Rb8 18.
Rac1 Kh8 19. Bb3 Qd7 20. Nd6 bxc5 21. dxc5 Nb4 22. Rc3 Qe7 23. Rf3 Nd5 24. Re4 f5 25. Rxf5 Rxf5 26. Nxf5 Qxc5 27. Rxe6 Bc4 28. Rxh6+ Kg8 29.
Qg5 Rb7 30. Qd8+ Kf7 31. Nd6+ Qxd6 32. Rxd6 Bxb3 33. Rd7+ Rxd7 34. Qxd7+ 1-0

[Event "*** Titled Tuesday Blitz"]
[Site "Chess.com"]
[Date "2020.10.20"]
[Round "1"]
[White "TV27"]
[Black "vladgoncharov"]
[Result "0-1"]
[WhiteElo "2066"]
[BlackElo "2497"]
[TimeControl "180+1"]
[EndTime "10:06:31 PDT"]
[Termination "vladgoncharov won by resignation"]

1. d4 Nf6 2. c4 e6 3. g3 Bb4+ 4. Bd2 Qe7 5. Bg2 O-O 6. a3 Bxd2+ 7. Qxd2 d5 8. c5 b6 9. b4 a5 10. Ra2 Ba6 11. Nh3 Bc4 12. Rb2 axb4 13. axb4 bxc5 14.
bxc5 Nc6 15. O-O h6 16. Rc1 Ra6 17. e4 Rd8 18. e5 Nd7 19. Nc3 Nxc5 20. dxc5 Nxe5 21.
Nd1 Qxc5 22. Ne3 Qe7 23. Rcb1 Bd3 24. Re1 Bh7 25. Nxd5 exd5 26. f4 Qc5+ 27. Nf2 Nd3 28. Rc2 Qb6 29. Re3 Nxf2 30. Qxf2 Bxc2 0-1

[Event "*** Titled Tuesday Blitz"]
[Site "Chess.com"]
[Date "2020.10.20"]
[Round "1"]
[White "Me_ch_an"]
[Black "Blitzstream"]
[Result "0-1"]
[WhiteElo "2324"]
[BlackElo "2665"]
[TimeControl "180+1"]
[EndTime "10:06:32 PDT"]
[Termination "Blitzstream won on time"]

1. e4 d5 2. exd5 Qxd5 3. Nc3 Qa5 4. d4 Nf6 5. Nf3 c6 6. Bc4 Bf5 7.
Bd2 e6 8. Qe2 Bb4 9. a3 Nbd7 10.
O-O-O b5 11. axb4 Qa1+ 12. Nb1 bxc4 13. Qxc4 O-O 14. Qb3 Ne4 15. Be3 Qa6 16. Nh4 Ndf6 17. h3 Rab8 18. g4 Bg6 19. Rhg1 Nd5 20. c3 Qa1 21.
Qa3 Qxa3 22. Nxa3 Nd6 23. Nxg6 fxg6 24. Rde1 Rf3 25. Rg3 Rbf8 26. Rxf3 Rxf3 27. h4 Rh3 28. Bg5 Kf7 29. Nc2 h6 30. Be3 Rxh4 31. c4 Nxc4 0-1

[Event "*** Titled Tuesday Blitz"]
[Site "Chess.com"]
[Date "2020.10.20"]
[Round "1"]
[White "RU_B9"]
[Black "UKR_Master"]
[Result "0-1"]
[WhiteElo "1778"]
[BlackElo "2457"]
[TimeControl "180+1"]
[EndTime "10:06:32 PDT"]
[Termination "UKR_Master won by resignation"]

1. c4 c5 2. Nf3 Nc6 3. d4 cxd4 4.
Nxd4 g6 5. e4 Bg7 6. Be3 d6 7.
Be2 Nf6 8. Nc3 O-O 9. O-O Bd7 10.
Nc2 Rc8 11. Rb1 Na5 12. b3 Be6 13. f3 Nc6 14. Nd5 Nd7 15. Qd2 a6 16. Nf4 Nc5 17. Rfd1 Bd7 18. Bxc5 dxc5 19. Qxd7 Bd4+ 20. Rxd4 Nxd4 21.
Qxd8 Nxe2+ 22. Nxe2 Rfxd8 23. Ne3 Rd2 24. Nc3 e6 25. Rd1 Rxd1+ 26. Nexd1 Rd8 27. Kf1 b5 28. cxb5 axb5 29. Ke2 Ra8 30. a4 bxa4 31. bxa4 Kf8 32. Kd3 Ke7 33. Kc4 Kd6 34. Nb5+ Kc6 35. Ndc3 Rd8 36.
a5 Ra8 37. Ne2 Rxa5 38. Nbc3 Ra8 39. Nf4 Rd8 40. Nd3 Rd4+ 41. Kb3 Rxd3 0-1

[Event "*** Titled Tuesday Blitz"]
[Site "Chess.com"]
[Date "2020.10.20"]
[Round "1"]
[White "Chessmatus"]
[Black "1977Ivan"]
[Result "0-1"]
[WhiteElo "2339"]
[BlackElo "2684"]
[TimeControl "180+1"]
[EndTime "10:06:33 PDT"]
[Termination "1977Ivan won by resignation"]

1. e4 c5 2. Nf3 Nc6 3. Bb5 g6 4. Bxc6 bxc6 5. O-O Bg7 6. Re1 Nh6 7. c3 O-O 8. h3 f6 9. d4 cxd4 10. cxd4 d6 11.
Nc3 Qa5 12. Be3 Qh5 13. Ne2 g5 14. Ng3 Qg6 15. Qb3+ Kh8 16. e5 fxe5 17. dxe5 Bxh3 18. Nxg5 Rab8 19. Qc4 Bd7 20. exd6 exd6 21. Rad1 Ng4 22.
N5e4 d5 23. Qc5 Nxe3 24. Rxe3 Bg4 25. f3 Bxf3 26. gxf3 dxe4 27. fxe4 Rxb2 28. Rd7 Qg4 29. Qd4 Bxd4 0-1

[Event "*** Titled Tuesday Blitz"]
[Site "Chess.com"]
[Date "2020.10.20"]
[Round "1"]
[White "SARGISMV"]
[Black "Pertinhez76"]
[Result "1-0"]
[WhiteElo "2510"]
[BlackElo "2142"]
[TimeControl "180+1"]
[EndTime "10:06:33 PDT"]
[Termination "SARGISMV won by resignation"]

1. d4 Nf6 2. c4 e5 3. dxe5 Ng4 4. Nf3 Bc5 5. e3 Nc6 6. Nc3 Ngxe5 7. Be2 O-O 8. O-O a5 9. Na4 Ba7 10. b3 Re8 11.
Bb2 d6 12. Rc1 Bf5 13. Nd4 Bg6 14. h3 Qh4 15. Nxc6 bxc6 16. c5 Rad8 17. Qd4 Qe7 18. Qc3 f6 19. Qxa5 Ra8 20. Qc3 Bf7 21. Rfd1 Rec8 22.
Qd4 Nd7 23. cxd6 Bxd4 24. dxe7 Bxb2 25. Nxb2 Rxa2 26. Rxd7 Re8 27. Rd8 Rxb2 28. Bc4 Ra2 1-0

[Event "*** Titled Tuesday Blitz"]
[Site "Chess.com"]
[Date "2020.10.20"]
[Round "1"]
[White "TudorAnton"]
[Black "RamyresCoelho"]
[Result "1-0"]
[WhiteElo "2488"]
[BlackElo "2067"]
[TimeControl "180+1"]
[EndTime "10:06:33 PDT"]
[Termination "TudorAnton won by checkmate"]

1. d4 Nf6 2. c4 g6 3. Nf3 d5 4.
cxd5 Nxd5 5. g3 Bg7 6. Bg2 O-O 7.
O-O c5 8. dxc5 Nc6 9. a3 e6 10.
Ra2 Qa5 11. e4 Nf6 12. Qe2 Qxc5 13. b4 Qh5 14. h3 a6 15. e5 Qf5 16. exf6 Bxf6 17.
Bh6 Rd8 18. Rd2 Bd7 19. g4 Qb5 20. Qxb5 axb5 21. Bg5 Bxg5 22. Nxg5 h6 23. Ne4 Ne5 24. f4 Nc4 25. Rxd7 Rxd7 26. Nf6+ Kg7 27. Nxd7 Rd8 28. Nc5 b6 29. Ne4 f5 30. Nec3 Rd3 31. Nxb5 Ne3 32. Rc1 fxg4 33. hxg4 Nxg4 34. a4 h5 35. a5 bxa5 36.
bxa5 h4 37. a6 h3 38. a7 Rg3 39. a8=Q h2+ 40. Kh1 Ne3 41. Rc7+ Kf6 42. Qf8# 1-0

[Event "*** Titled Tuesday Blitz"]
[Site "Chess.com"]
[Date "2020.10.20"]
[Round "1"]
[White "vugarrasulov"]
[Black "Susal_De_Silva"]
[Result "1-0"]
[WhiteElo "2860"]
[BlackElo "2424"]
[TimeControl "180+1"]
[EndTime "10:06:36 PDT"]
[Termination "vugarrasulov won by resignation"]

1. e4 e5 2. Nf3 d6 3. d4 exd4 4.
Nxd4 Nf6 5. Nc3 Be7 6. Bf4 O-O 7. Qd2 c6 8. O-O-O a5 9. f3 b5 10. g4 b4 11. Na4 c5 12. Nf5 Bxf5 13. gxf5 d5 14.
exd5 Nh5 15. Kb1 Nxf4 16. Qxf4 Qd6 17. Qxd6 Bxd6 18. Nb6 Ra7 19. f6 g6 20. h4 Be5 21. h5 Nd7 22. Nc4 Bxf6 23. f4 Rb8 24.
hxg6 hxg6 25. d6 Nb6 26. Ne5 Bxe5 27. fxe5 Re8 28. Bb5 Nd7 29. Bxd7 Rxd7 30. Rd5 Rc8 31. Rf1 Kg7 32. b3 a4 33. bxa4 Ra7 34. d7 Rd8 35.
Rfd1 Rc7 36. a5 Kf8 37. Kb2 Ke7 38. a6 Ra7 39. Rd6 c4 40. R1d4 Rc7 41. c3 bxc3+ 42.
Kxc3 g5 43. Rxc4 Rcxd7 44. Rxd7+ Rxd7 45. Ra4 Ra7 46. Kd4 Ke6 47. Kc5 g4 48. Kb6 Ra8 49.
Rxg4 Kxe5 50. a7 1-0

[Event "*** Titled Tuesday Blitz"]
[Site "Chess.com"]
[Date "2020.10.20"]
[Round "1"]
[White "WiktoriaPOL"]
[Black "zajka-molotok"]
[Result "0-1"]
[WhiteElo "2053"]
[BlackElo "2482"]
[TimeControl "180+1"]
[EndTime "10:06:36 PDT"]
[Termination "zajka-molotok won by resignation"]

1. c4 Nf6 2. Nc3 d6 3. g3 c6 4.
Bg2 e5 5. e4 Be7 6. Nge2 Na6 7.
O-O h5 8. h4 Nc5 9. b4 Ne6 10.
d4 exd4 11. Nxd4 Nxd4 12. Qxd4 Qb6 13. Qxb6 axb6 14. a3 Be6 15. c5 dxc5 16. bxc5 Bxc5 17.
e5 Ng4 18. Bf4 O-O 19. a4 Bd4 20. Ra3 Bxe5 21. Bxe5 Nxe5 22. f4 Nc4 23. Raa1 Bg4 24. Rf2 Rfe8 25. Bf3 Re3 26. Bxg4 hxg4 27. Rc2 Rxg3+ 28.
Kh2 Rh3+ 29. Kg1 Rxh4 30. Ne4 Ne3 31. Rh2 Rxh2 32. Kxh2 Re8 33. Ng3 Nd5 34. f5 f6 35.
Kg2 Re3 36. Kf2 Rf3+ 37. Kg2 Ne3+ 38. Kh2 Nxf5 39. Nxf5 Rxf5 40. Kg3 Ra5 41. Kxg4 b5 42.
Kf4 Rxa4+ 43. Rxa4 bxa4 0-1

[Event "*** Titled Tuesday Blitz"]
[Site "Chess.com"]
[Date "2020.10.20"]
[Round "1"]
[White "Evachess2006"]
[Black "ChainsOfFantasia"]
[Result "0-1"]
[WhiteElo "1638"]
[BlackElo "2456"]
[TimeControl "180+1"]
[EndTime "10:06:37 PDT"]
[Termination "ChainsOfFantasia won on time"]

1. e4 c5 2. c3 Nf6 3. e5 Nd5 4. d4 cxd4 5. Nf3 d6 6. exd6 Qxd6 7. cxd4 Nc6 8. Be2 Bf5 9. Nc3 e6 10. Bg5 h6 11. Bh4 Rc8 12. Bg3 Qb4 13. Qd2 Na5 14. Rc1 Nc4 15. Bxc4 Rxc4 16. O-O Nxc3 17. Rxc3 Rxc3 18.
bxc3 Qb5 19. Rc1 Be7 20. c4 Qa4 21. Qc3 O-O 22. Qb2 Ba3 0-1

[Event "*** Titled Tuesday Blitz"]
[Site "Chess.com"]
[Date "2020.10.20"]
[Round "1"]
[White "AliKa2810"]
[Black "anon569"]
[Result "1-0"]
[WhiteElo "2601"]
[BlackElo "2275"]
[TimeControl "180+1"]
[EndTime "10:06:38 PDT"]
[Termination "AliKa2810 won on time"]

1. d4 Nf6 2. c4 e6 3. Nf3 Bb4+ 4. Nbd2 b6 5. a3 Bxd2+ 6. Qxd2 Bb7 7. e3 O-O 8. Be2 Ne4 9. Qc2 a5 10. b3 f5 11. O-O d6 12. Bb2 Nd7 13. d5 e5 14.
Nd2 Nxd2 15. Qxd2 Qe7 16. f3 Nc5 17. Qc2 c6 18. dxc6 Bxc6 19. Rad1 Rac8 20. Bc3 Kh8 21. Qb1 Qg5 22. Bd2 Qg6 23. b4 axb4 24. axb4 Ne6 25. Bc3 Qh6 26. Qc1 Rfd8 27. Kh1 Ng5 28. Qd2 Qg6 29. b5 Bb7 30. Bxe5 Nf7 31. Bd4 h6 32. Bxb6 Re8 33. Bd4 Ng5 34. Bb2 Rcd8 35.
c5 1-0

[Event "*** Titled Tuesday Blitz"]
[Site "Chess.com"]
[Date "2020.10.20"]
[Round "1"]
[White "Omk124"]
[Black "Ariadna_Atreides"]
[Result "1-0"]
[WhiteElo "2481"]
[BlackElo "2052"]
[TimeControl "180+1"]
[EndTime "10:06:38 PDT"]
[Termination "Omk124 won on time"]

1. e4 c5 2. Nf3 d6 3. d4 cxd4 4. Nxd4 Nf6 5. Nc3 Nc6 6. g3 g6 7. Bg2 Bg7 8. Nxc6 bxc6 9. e5 Nd5 10. Nxd5 cxd5 11. Qxd5 Rb8 12. exd6 Qxd6 13. Qxd6 exd6 14.
c3 Ba6 15. Bf1 Bb7 16. Rg1 O-O 17. Bd3 Rfe8+ 18. Be3 Bf3 19. Rb1 Bd5 20. c4 Be4 21. Kd2 Rxb2+ 22. Rxb2 Bxb2 23. Rb1 Bf6 24. Bxa7 d5 25.
Rb8 Rxb8 26. Bxb8 Bf3 27. c5 d4 28. Bb5 Be7 29. c6 Be4 30. c7 Bb4+ 31. Ke2 d3+ 32. Bxd3 Bb7 33. a4 Kf8 34. Bb5 Ke7 35. Kd3 f5 36.
Kc4 Bd6 37. a5 Ba8 38. c8=Q f4 39. Bxd6+ 1-0

[Event "*** Titled Tuesday Blitz"]
[Site "Chess.com"]
[Date "2020.10.20"]
[Round "1"]
[White "Illingworth"]
[Black "AustrianFalcon"]
[Result "1-0"]
[WhiteElo "2902"]
[BlackElo "2442"]
[TimeControl "180+1"]
[EndTime "10:06:39 PDT"]
[Termination "Illingworth won on time"]

1. Nf3 g6 2. d4 Bg7 3. e4 d6 4. Bd3 Bg4 5. c3 Nc6 6. Nbd2 e5 7. h3 Bd7 8. d5 Nce7 9. c4 b6 10. Rb1 a5 11. Nf1 h6 12. g4 h5 13. g5 h4 14. Ne3 Qc8 15. Ng4 Bxg4 16. hxg4 Qxg4 17. Be3 h3 18. Qa4+ Kf8 19. Ke2 h2 20. Qd1 Rh3 21.
Kd2 Qxf3 22. Qxf3 Rxf3 23. Rxh2 f5 24. Be2 fxe4 25. Bxf3 exf3 26. Rh3 e4 27. Rh4 Nf5 28. Rxe4 Be5 29. Bf4 Bd4 30. Be3 Bxe3+ 31. fxe3 Re8 32. Rf4 Kg7 33. Rxf3 Nge7 34. e4 Nh4 35. Rf6 Rf8 36.
Rbf1 1-0

[Event "*** Titled Tuesday Blitz"]
[Site "Chess.com"]
[Date "2020.10.20"]
[Round "1"]
[White "profofchess"]
[Black "ChessQueen"]
[Result "0-1"]
[WhiteElo "2346"]
[BlackElo "2702"]
[TimeControl "180+1"]
[EndTime "10:06:39 PDT"]
[Termination "ChessQueen won on time"]

1. e4 c6 2. Nc3 d5 3. Nf3 dxe4 4. Nxe4 Nf6 5. Qe2 Nxe4 6. Qxe4 Nd7 7. Bc4 Nf6 8. Ne5 e6 9. Qe2 b5 10. Bb3 Qc7 11.
d4 Bd6 12. c3 O-O 13. O-O c5 14. Be3 a5 15. f4 Bb7 16. Rae1 cxd4 17. Bxd4 Bc5 18. Bxc5 Qxc5+ 19. Kh1 a4 20. Bc2 a3 21. f5 axb2 22. fxe6 fxe6 23. Rxf6 Rxf6 24. Nd7 Qg5 25. Nxf6+ gxf6 26. Qxe6+ Kh8 27. Be4 Bxe4 28. Qxe4 Rg8 29.
h3 Qd2 30. Rb1 Qxc3 31. Kh2 b4 32. Qf5 Qg3+ 0-1

[Event "*** Titled Tuesday Blitz"]
[Site "Chess.com"]
[Date "2020.10.20"]
[Round "1"]
[White "barriochess"]
[Black "CheckThis4"]
[Result "0-1"]
[WhiteElo "2261"]
[BlackElo "2580"]
[TimeControl "180+1"]
[EndTime "10:06:39 PDT"]
[Termination "CheckThis4 won by resignation"]

1. d4 d5 2. c4 e5 3. dxe5 d4 4. Nf3 Nc6 5. g3 Nge7 6. Bg2 Be6 7. Nbd2 Qd7 8. O-O Bh3 9. a3 Bxg2 10. Kxg2 Ng6 11. b4 a5 12. b5 Ncxe5 13. Bb2 Bc5 14. Qc2 O-O 15. Rad1 b6 16. Nxe5 Nxe5 17. Nb3 Rad8 18.
Nxd4 Qg4 19. h3 Qh5 20. Nf5 Rde8 21. Rd5 f6 22. g4 Qg6 23. f4 Nxg4 24. hxg4 Qxg4+ 25. Ng3 Re3 26. Rf3 Rfe8 27. Rd3 Rxe2+ 0-1

[Event "*** Titled Tuesday Blitz"]
[Site "Chess.com"]
[Date "2020.10.20"]
[Round "1"]
[White "AlphaHero0"]
[Black "scarabee43"]
[Result "0-1"]
[WhiteElo "1946"]
[BlackElo "2462"]
[TimeControl "180+1"]
[EndTime "10:06:39 PDT"]
[Termination "scarabee43 won on time"]

1. e4 c5 2. Nf3 e6 3. b4 cxb4 4. d4 d5 5. e5 Nc6 6. a3 bxa3 7.
c3 Nge7 8. Bxa3 Ng6 9. Bxf8 Nxf8 10. Bd3 Ng6 11. O-O O-O 12. Re1 Bd7 13. Na3 a6 14. c4 dxc4 15. Nxc4 Nb4 16. Bxg6 hxg6 17. Nd6 Bc6 18. Qb3 a5 19. Red1 Bd5 20. Qb2 Qd7 21. Ng5 f6 22. Nge4 fxe5 23. dxe5 Rf4 24. f3 b6 25. Rac1 Bxe4 26. Nxe4 Qb5 27. Rd6 Rff8 28. Rxe6 Qd5 29. Rd6 Qb7 30. Rxg6 Rfd8 31. e6 Nd3 32. Nf6+ Kh8 33. Qc3 Rac8 0-1

[Event "*** Titled Tuesday Blitz"]
[Site "Chess.com"]
[Date "2020.10.20"]
[Round "1"]
[White "Witik"]
[Black "Tenamu"]
[Result "0-1"]
[WhiteElo "2763"]
[BlackElo "2403"]
[TimeControl "180+1"]
[EndTime "10:06:40 PDT"]
[Termination "Tenamu won by resignation"]

1. d4 Nf6 2. Bf4 e6 3. e3 c5 4. c3 d5 5. Nd2 Nc6 6. Bd3 Bd6 7. Bxd6 Qxd6 8. f4 h5 9. Ngf3 cxd4 10. cxd4 Nb4 11. Bb1 Ng4 12. Qe2 b6 13. Bd3 Nxd3+ 14. Qxd3 a5 15. Ne5 Ba6 16. Qb3 f6 17. Nxg4 hxg4 18. Rc1 Kf7 19. Kf2 Rac8 20. Rxc8 Rxc8 21. Nb1 b5 22. Qd1 b4 23. Nd2 Qc6 24. Qxg4 Qc2 25. Rd1 Qxb2 26. f5 e5 27. dxe5 Qxe5 28. Nb3 Rc2+ 29. Kg1 Qxe3+ 30. Kh1 Qe2 31. Qg6+ Kg8 32.
Rg1 Qe5 33. Nd4 Rc7 34. Ne6 Re7 35. h4 Rxe6 36. fxe6 Qxe6 37. h5 Qf7 38. Qg4 Bc4 39. Re1 Bxa2 40. h6 g5 41. Qf5 d4 42. h7+ Qxh7+ 43. Qxh7+ Kxh7 44. Re7+ Kg6 45. Rb7 b3 46. Kg1 a4 47. Kf2 a3 0-1

[Event "*** Titled Tuesday Blitz"]
[Site "Chess.com"]
[Date "2020.10.20"]
[Round "1"]
[White "GMJustin"]
[Black "chess94cu"]
[Result "0-1"]
[WhiteElo "2248"]
[BlackElo "2569"]
[TimeControl "180+1"]
[EndTime "10:06:40 PDT"]
[Termination "chess94cu won on time"]

1. b4 e5 2. Bb2 d6 3. c4 Nf6 4. e3 g6 5. Nf3 Bg7 6. Be2 O-O 7. O-O c6 8. d4 e4 9. Nfd2 d5 10. Nc3 h5 11. b5 Bg4 12. f3 exf3 13. Bxf3 Bh6 14.
Re1 Re8 15. h3 Bxf3 16. Qxf3 a6 17. a4 Nbd7 18. bxc6 bxc6 19. cxd5 cxd5 20. Nf1 Nb6 21. e4 Nc4 22. e5 Ne4 23. Bc1 Bxc1 24. Raxc1 Nxc3 25. Rxc3 Rc8 26. Ne3 Nd2 0-1

[Event "*** Titled Tuesday Blitz"]
[Site "Chess.com"]
[Date "2020.10.20"]
[Round "1"]
[White "parnali1611"]
[Black "Artem_Sadovsky"]
[Result "0-1"]
[WhiteElo "2111"]
[BlackElo "2502"]
[TimeControl "180+1"]
[EndTime "10:06:40 PDT"]
[Termination "Artem_Sadovsky won by resignation"]

1. d4 g6 2. c4 d6 3. Nc3 Bg7 4. Nf3 e5 5. dxe5 dxe5 6. Qxd8+ Kxd8 7. e4 Be6 8. Bg5+ f6 9. O-O-O+ Nd7 10. Bh4 Ne7 11. c5 c6 12. Ne1 Kc7 13. Nd3 Bc4 14. b4 a5 15. a3 axb4 16. axb4 Ra3 17. Kb2 Rha8 18. Be2 Rb3+ 19. Kc2 Raa3 20. Nc1 Rxc3+ 21. Kb2 Bxe2 22. Nxe2 Rcb3+ 23. Kc2 Rxb4 24. f3 Nxc5 25. Nc3 Rc4 26. Be1 b5 27. Kb2 Rb3+ 28. Kc2 b4 29. Ra1 Nc8 0-1

[Event "*** Titled Tuesday Blitz"]
[Site "Chess.com"]
[Date "2020.10.20"]
[Round "1"]
[White "abhidabhi"]
[Black "zverr1"]
[Result "1/2-1/2"]
[WhiteElo "2799"]
[BlackElo "2408"]
[TimeControl "180+1"]
[EndTime "10:06:42 PDT"]
[Termination "Game drawn by repetition"]

1. Nf3 Nf6 2. g3 g6 3. b3 Bg7 4. Bb2 O-O 5. c4 d6 6. d4 Nbd7 7. Bg2 Re8 8. O-O c6 9. Nc3 e5 10. dxe5 dxe5 11. Ng5 Nc5 12. Qxd8 Rxd8 13. Rfd1 Bf5 14.
b4 Ne6 15. Nf3 Nd4 16. Nxd4 exd4 17. Na4 Bc2 18. Nc5 Bxd1 19. Rxd1 Rab8 20. h3 Nd7 21.
Nb3 Nb6 22. c5 Nd5 23. a3 Nc3 24. Rd2 Rd7 25. Bf3 Rbd8 26. Nc1 Na4 27. Nd3 Nxb2 28. Rxb2 a6 29. h4 h5 30. Kf1 Ra8 31. a4 Bf8 32.
Ne5 Re7 33. Nd3 Rd7 34. Ne5 Re7 35. Nd3 Rd7 1/2-1/2

[Event "*** Titled Tuesday Blitz"]
[Site "Chess.com"]
[Date "2020.10.20"]
[Round "1"]
[White "DenisQ"]
[Black "ural58"]
[Result "1-0"]
[WhiteElo "2672"]
[BlackElo "2335"]
[TimeControl "180+1"]
[EndTime "10:06:42 PDT"]
[Termination "DenisQ won on time"]

1. Nf3 d5 2. c4 dxc4 3. Na3 c5 4. Nxc4 b5 5. Na3 a6 6. e3 Nf6 7. b3 e6 8. Bb2 Bb7 9. Be2 Nbd7 10. O-O Be7 11. Nc2 O-O 12. a4 b4 13. d3 Nd5 14.
e4 Nc3 15. Bxc3 bxc3 16. Ne3 Bf6 17. Rc1 Qa5 18. Qc2 Rab8 19. Nd1 Bc6 20. Nxc3 Qb4 21. Nd2 Rfc8 22. Na2 Qa3 23. Rb1 Nb6 24. Rfd1 c4 25. Nxc4 Nxc4 26. dxc4 Bxe4 27. Qxe4 Qxa2 28. c5 a5 29. c6 Rc7 30. Bb5 g6 31. Rd7 Rbc8 32.
Rbd1 Kg7 33. g3 h5 34. h4 Qa3 35. Qxe6 Rxd7 36. Rxd7 Rf8 37. Bc4 Qc1+ 38. Kg2 1-0